 Seeded DCSS version 0.29.1-15-g9cfb28693d (webtiles) character file.

Game seed: 7494833264516685070 (custom seed)

4 bmack86 the Insei (level 1, 0/17 HPs)
             Began as a Djinni Transmuter on May 20, 2023.
             Slain by a quokka (3 damage)
             ... on level 1 of the Dungeon.
             The game lasted 00:00:57 (95 turns).

bmack86 the Insei (Djinni Transmuter)                 Turns: 95, Time: 00:00:58

Health: 0/17       AC:  2    Str:  9    XL:     1   Next: 66%
Gold:   24         EV: 12    Int: 14    God:
                   SH:  0    Dex: 13

rFire   + + .      SeeInvis .     - Unarmed
rCold   x . .      Faith    .   (no shield)
rNeg    . . .      Spirit   .   a - +0 robe
rPois   ∞          Reflect  .   (no helmet)
rElec   .          Harm     .   (no cloak)
rCorr   .          Rampage  .   (no gloves)
Will    .....                   (boots unavailable)
Stlth   +.........              (no amulet)
HPRegen 0.05/turn               (no ring)
MPRegen 0.00/turn               (no ring)

@: flying
A: sickness immunity, fire resistance 2, cold vulnerability 1, float, innate
caster, HP casting, extra vitality 1
a: no special abilities


You were on level 1 of the Dungeon.
You visited 1 branch of the dungeon, and saw 1 of its levels.

You collected 24 gold pieces.

Inventory:

Armour
 a - a +0 robe (worn)
Jewellery
 d - an amulet of faith
Potions
 b - a potion of lignification
 c - 2 potions of curing {unknown}


   Skills:
 + Level 1.1 Fighting
 - Level 2.1 Dodging
 + Level 3.0 Unarmed Combat
 * Level 1.7 Spellcasting


You couldn't memorise any spells.
You knew the following spells:

 Your Spells              Type           Power      Damage    Failure   Level
a - Beastly Appendage     Tmut           12%        N/A       12%         1
b - Wereblood             Tmut           6%         N/A       19%         2
c - Spider Form           Tmut/Pois      6%         N/A       34%         3
d - Ice Form              Ice/Tmut       6%         N/A       75%         4
Your spell library was empty.

Dungeon Overview and Level Annotations

Branches:
Dungeon (1/15)

Altars:


Innate Abilities, Weirdness & Mutations

You are immune to sickness and miasma.
You are immune to poison.
Your flesh is very heat resistant. (rF++)
You are vulnerable to cold. (rC-)
You float through the air rather than walking.
You learn spells naturally, not from books.
Your magical power is your life essence.
You have superior vitality. (+4 MHP)


Message History

You hit the kobold. Your headbutt misses the kobold.
The kobold is moderately wounded.
The bat closely misses you. The kobold barely misses you.
You barely miss the kobold. Your headbutt misses the kobold.
The kobold is moderately wounded.
The bat barely misses you. The bat hits you but does no damage.
The kobold barely misses you.
You miss the kobold.
The kobold is moderately wounded.
The bat hits you. The bat barely misses you. The kobold barely misses you.
You closely miss the kobold.
The kobold is moderately wounded.
Your transformation is almost over.
The bat closely misses you. The kobold hits you but does no damage.
You hit the kobold.
You kill the kobold!
The bat hits you. The bat barely misses you.
You see here 4 gold pieces.
You hit the bat.
The bat is moderately wounded.
The bat barely misses you.
You barely miss the bat.
The bat is moderately wounded.
The bat hits you.
You now have 24 gold pieces (gained 4).
The bat closely misses you. The bat closely misses you.
The bat hits you but does no damage. The bat hits you but does no damage.
The bat hits you but does no damage.
You barely miss the bat. Your headbutt misses the bat.
The bat is moderately wounded.
The bat barely misses you.
Your horns disappear.
The bat barely misses you. The quokka bites you.
* * * LOW HITPOINT WARNING * * *
The quokka barely misses you.
You hit the quokka.
The quokka is heavily wounded.
The bat barely misses you. The quokka bites you.
You die...

###.........# # .#
...........#.# #####.# #
#.........#.###.....# ..
#...........#........
..#.........###.#....##
!......................
....#....##############.
... #....# ##..........
....#.r@.####..........⌠
.>....b.....#......⌠....
....#....##.##..........
....+...)# ###..⌠...⌠..
... #.....# ##........
#....... ##.⌠.^..⌠
#....#.$. ##......
#....##.#.# ##..⌠..
#....# .# # ##....


You could see a quokka and a bat.

Vanquished Creatures
  An endoplasm (D:1)
  A giant cockroach (D:1)
  A kobold (D:1)
  A rat (D:1)
4 creatures vanquished.

Notes
Turn   | Place    | Note
-------+----------+-------------------------------------------
     0 | D:1      | bmack86 the Djinni Transmuter began the quest for the Orb.
     0 | D:1      | bmack86 set off with the following spells memorised:
                  | Beastly Appendage, Wereblood, Spider Form, Ice Form.
     0 | D:1      | Reached XP level 1. HP: 17/17 MP: 0/0
    95 | D:1      | Slain by a quokka

Illustrated notes

Levels and vault maps discovered:
D:1:      dpeg_arrival_lava_temple_mockup, layout_basic,
          shapermc_ecumenical_altar_mp_highgroup

Action                   || total
-------------------------++-------
Melee: Unarmed           ||    16
       Headbutt          ||     1
       Punch             ||     1
 Cast: Beastly Appendage ||     2
Armor: Robe              ||     6
Dodge: Dodged            ||    20
